 Dungeon Crawl Stone Soup version 0.23.2-33-g5129a83184 (webtiles) character file.

Game seed: 14431342667246825326

416 FishyPogo the Firebug (level 6, -3/73 HPs)
             Began as a Naga Fire Elementalist on Aug 6, 2019.
             Slain by Grinder (8 damage)
             ... on level 3 of the Dungeon.
             The game lasted 00:18:55 (2891 turns).

FishyPogo the Firebug (Naga Fire Elementalist)      Turns: 2891, Time: 00:18:55

Health: -3/73      AC:  7    Str: 16    XL:     6   Next: 92%
Magic:  3/10       EV:  9    Int: 16    God:
Gold:   115        SH:  0    Dex: 12    Spells: 5/11 levels left

rFire    . . .     SeeInvis +   s - +3 quarterstaff
rCold    . . .     Gourm    .   (shield currently unavailable)
rNeg     . . .     Faith    .   l - +1 ring mail (curse)
rPois    +         Spirit   .   (no helmet)
rElec    .         Reflect  .   (no cloak)
rCorr    .         Harm     .   (no gloves)
MR       .....                  (no barding)
Stlth    ..........             (no amulet)
HPRegen  0.22/turn              g - +2 ring of protection
MPRegen  0.12/turn              (no ring)

@: berserking (expiring), very slightly contaminated, quick
A: large, see invisible, deformed body, poison resistance, slowness 2, slow
metabolism 1, spit poison 1, AC +2
a: Spit Poison


You were on level 3 of the Dungeon.
You were very hungry.

You visited 1 branch of the dungeon, and saw 4 of its levels.

You collected 115 gold pieces.

Inventory:

Hand Weapons
 b - a +0 dagger
 s - a +3 quarterstaff (weapon)
Armour
 a - a +0 robe
 j - a +0 leather armour
 l - a cursed +1 ring mail (worn)
 w - a cursed +0 shield
Jewellery
 g - a +2 ring of protection (left hand)
Wands
 y - a wand of flame (23)
Scrolls
 e - 4 scrolls of remove curse
 i - a scroll of identify
 k - 3 scrolls of teleportation {unknown}
 m - 5 scrolls of amnesia
 o - a scroll of fear
 r - a scroll of enchant weapon {unknown}
 v - a scroll of fog
 x - a scroll of random uselessness {unknown}
Potions
 d - 4 potions of heal wounds
 f - a potion of magic {unknown}
 h - a potion of brilliance {unknown}
 n - 2 potions of mutation
 q - a potion of haste
 u - a potion of curing {unknown}
 z - a potion of invisibility {unknown}
Comestibles
 c - 7 rations


   Skills:
 + Level 3.2 Dodging
 - Level 3.1 Stealth
 - Level 3.0 Spellcasting
 * Level 3.5 Conjurations
 * Level 4.9 Fire Magic


You had 5 spell levels left.
You knew the following spells:

 Your Spells              Type           Power        Failure   Level  Hunger
a - Flame Tongue          Conj/Fire      ###..        6%          1    #......
b - Throw Flame           Conj/Fire      ###...       10%         2    ##.....
c - Conjure Flame         Conj/Fire      ###.....     19%         3    ###....

Your spell library contained the following spells:

 Spells                   Type           Power        Failure   Level  Hunger
 Inner Flame              Hex/Fire       ##......     36%         3    ###....
 Sticky Flame             Conj/Fire      ###.....     54%         4    #####..
 Fireball                 Conj/Fire      ###.......   87%         5    ######.


Dungeon Overview and Level Annotations

Branches:
Dungeon (4/15)
 Temple: D:4-7

Altars:
Elyvilon

Annotations:
D:3 Grinder


Innate Abilities, Weirdness & Mutations

You cannot wear boots.
Your serpentine skin is tough. (AC +2)
You have supernaturally acute eyesight. (SInv)
Armour fits poorly on your strangely shaped body.
Your system is resistant to poisons. (rPois)
You cover ground very slowly.
You have a slow metabolism.
You can spit poison.


Message History

Grinder is moderately wounded.
Grinder closely misses you.
Your ring mail prevents you from hitting Grinder.
Grinder is moderately wounded.
You closely miss Grinder.
Grinder is moderately wounded.
Grinder blinks!
You are too berserk!
Grinder gestures at you. Pain shoots through your body!
* * * LOW HITPOINT WARNING * * *
You closely miss Grinder.
Grinder is moderately wounded.
You have got your breath back.
Grinder hits you but does no damage.
You are feeling very hungry.
You closely miss Grinder.
Grinder is moderately wounded.
Grinder hits you!
You die...

#.......##........###...##
#.)####.####.####.####..##
#..####.####.#...........#
#....##.#.......#.##....##
#.......#.......#.##.##.# ####
#..#.##.#.........##.##.###...
#.......#.......####.##.......
##.#.##.#...5...# #.######...
#.#.##.#....@..# #.# ####
#.#.##.#.....>.# ##.##
#รท........########.#.#
#.......).#.......#..#
##.........#.#####.##.#
#..........#.#####.##.# ###
#.....................# #..
#..........#.#####.#########.#
#..........#......<# #....#.


You could see Grinder.

Vanquished Creatures
  2 ogres
  An orc priest (D:3)
  Jessica (D:3)
  4 gnolls (D:2)
  6 adders
  3 oozes
  An adder skeleton (D:3)
  6 worms
  A dart slug (D:2)
  A leopard gecko (D:2)
  2 orcs (D:3)
  2 ball pythons (D:3)
  6 bats
  2 giant cockroaches
  2 goblins (D:1)
  7 hobgoblins
  3 jackals (D:3)
  10 kobolds
  A quokka (D:3)
  2 frilled lizards
  4 rats
67 creatures vanquished.

Notes
Turn   | Place    | Note
-------+----------+-------------------------------------------
     0 | D:1      | FishyPogo the Naga Fire Elementalist began the quest for
                  | the Orb.
     0 | D:1      | Reached XP level 1. HP: 15/15 MP: 3/3
   129 | D:1      | Reached XP level 2. HP: 22/22 MP: 3/5
   135 | D:1      | Learned a level 2 spell: Throw Flame
   790 | D:2      | Reached XP level 3. HP: 28/28 MP: 1/6
   860 | D:2      | Found a faded altar of an unknown god.
   894 | D:2      | Found a white marble altar of Elyvilon.
  1075 | D:2      | Reached XP level 4. HP: 27/36 MP: 1/8
  1792 | D:3      | Learned a level 3 spell: Conjure Flame
  1875 | D:3      | Reached XP level 5. HP: 29/42 MP: 1/9
  2058 | D:3      | Reached skill level 4 in Fire Magic
  2282 | D:3      | Noticed an ogre
  2568 | D:3      | Killed an ogre
  2568 | D:3      | Reached XP level 6. HP: 29/49 MP: 6/10
  2634 | D:3      | Noticed Jessica
  2637 | D:3      | Killed Jessica
  2861 | D:4      | Noticed Grinder
  2891 | D:3      | Slain by Grinder

Skill      XL: |  1  2  3  4  5 |
---------------+----------------+-----
Dodging        | 2 3 |  3.2
Spellcasting   | 3 |  3.0
Conjurations   | 3 |  3.5
Fire Magic     | 4 |  4.9
Stealth        | |  3.1

Action                   |  1- 3 |  4- 6 || total
-------------------------+-------+-------++-------
Melee: Dagger            |     6 |    14 ||    20
       Quarterstaff      |       |    13 ||    13
 Cast: Flame Tongue      |    28 |    46 ||    74
       Throw Flame       |     9 |    20 ||    29
 Abil: Spit Poison       |    13 |    37 ||    50
  Use: Potion            |     1 |     2 ||     3
       Scroll            |       |     6 ||     6
  Eat: Chunk             |     2 |     7 ||     9
Armor: Robe              |     3 |    15 ||    18
       Ring mail         |       |     6 ||     6
       Skin              |       |     2 ||     2
Dodge: Dodged            |     7 |    31 ||    38
